 Dungeon Crawl Stone Soup version 0.25-a0-474-ga8a2ee3166 (webtiles) character file.

Game seed: 2988552876053399539, levelgen mode: deterministic

41371 kae the Severer (level 14, 0/198 HPs)
             Began as a Hill Orc Fighter on Feb 6, 2020.
             Was an Elder of Makhleb.
             Slain by a fire dragon (4 damage)
             ... on level 6 of the Lair of Beasts on Feb 7, 2020.
             The game lasted 00:22:52 (15594 turns).

kae the Severer (Hill Orc Fighter)                 Turns: 15594, Time: 00:22:52

Health: 0/198      AC: 27    Str: 24    XL:     14   Next: 15%
Magic:  0/24       EV:  2    Int:  8    God:    Makhleb [****..]
Gold:   1161       SH: 10    Dex: 14    Spells: 13/13 levels left

rFire    . . .     SeeInvis .   K - +8 broad axe (freeze)
rCold    . . .     Gourm    .   c - +0 shield
rNeg     + + +     Faith    .   (armour currently unavailable)
rPois    +         Spirit   +   (helmet currently unavailable)
rElec    .         Reflect  .   (cloak currently unavailable)
rCorr    .         Harm     .   (gloves currently unavailable)
MR       ++...     NoTele   +   (boots currently unavailable)
Stlth    +.........             l - amulet of guardian spirit
HPRegen  0.43/turn              j - ring of protection from magic
MPRegen  0.19/turn              w - +4 ring of dexterity

@: lethally poisoned (0 -> -11), tree-form
A: no striking features
a: Minor Destruction, Lesser Servant of Makhleb, Major Destruction, Renounce
Religion


You were on level 6 of the Lair of Beasts.
You worshipped Makhleb.
Makhleb was greatly pleased with you.
You were not hungry.
You were a tree.
You visited 2 branches of the dungeon, and saw 14 of its levels.

You collected 1161 gold pieces.

Inventory:

Hand Weapons
 a - a +0 war axe of freezing
 k - the +6 war axe "Juw Suli" {flame, *Corrode rC++ Str+3 Dex+2, unknown}
   (You found it on level 6 of the Lair of Beasts)

   It has been specially enchanted to burn those struck by it, causing extra
   injury to most foes and up to half again as much damage against particularly
   susceptible opponents.
   Big, fiery blades are also staple armaments of hydra-hunters.
   It affects your strength (+3).
   It affects your dexterity (+2).
   It greatly protects you from cold.
   It may corrode you when you take damage.
 p - a +3 hand axe of electrocution
 K - a +8 broad axe of freezing (weapon)
Armour
 b - a +0 scale mail
 c - a +0 shield (worn)
 i - a +2 pair of boots (melded)
 E - a scarf of spirit shield (melded)
 L - a +6 chain mail of magic resistance (melded)
Jewellery
 e - an uncursed ring of fire
 j - a ring of protection from magic (left branch)
 l - an amulet of guardian spirit (around neck)
 o - an uncursed ring of positive energy
 t - an uncursed amulet of magic regeneration
 u - an uncursed ring of protection from magic
 w - a +4 ring of dexterity (right branch)
 y - an uncursed ring of flight
 I - a +4 ring of strength {unknown}
Wands
 v - a wand of paralysis (6)
 D - a wand of flame (5)
 G - a wand of iceblast (13)
 H - a wand of random effects (14)
 J - a wand of enslavement (11)
Scrolls
 n - 3 scrolls of remove curse
 q - a scroll of holy word
 r - 4 scrolls of amnesia
Potions
 d - 3 potions of might
 h - 11 potions of curing
 m - 2 potions of flight
 s - a potion of berserk rage
 x - 2 potions of ambrosia
 z - a potion of lignification
 A - 2 potions of brilliance
 B - a potion of resistance
 F - a potion of magic
 M - 2 potions of invisibility {unknown}
 N - a potion of mutation {unknown}
Comestibles
 f - 22 rations


   Skills:
 - Level 14.0 Fighting
 + Level 16.5 Axes
 - Level 8.1 Armour
 - Level 5.0 Dodging
 - Level 3.2 Shields
 - Level 14.0 Invocations
 - Level 8.0 Evocations


You had 13 spell levels left.
You didn't know any spells.
Your spell library contained the following spells:

 Spells                   Type           Power        Failure   Level  Hunger
 Animate Skeleton         Necr           N/A          89%         1    ##.....
 Corona                   Hex            #......      89%         1    ##.....
 Pain                     Necr           #...         89%         1    ##.....
 Ensorcelled Hibernation  Hex/Ice        #.....       96%         2    ###....
 Confusing Touch          Hex            #.......     99%         3    ####...
 Dazzling Flash           Conj/Hex       #.....       99%         3    ####...
 Tukima's Dance           Hex            #.......     99%         3    ####...
 Vampiric Draining        Necr           #.........   99%         3    ####...
 Animate Dead             Necr           N/A          100%        4    #####..
 Agony                    Necr           #.......     100%        5    ######.


Dungeon Overview and Level Annotations

Branches:
Dungeon (8/15)             Temple (0/1) D:7            Lair (6/6) D:8
 Shoals (0/4) Lair:2        Snake (0/4) Lair:3        Slime (0/5) Lair:6

Altars:
Cheibriados
Elyvilon
Fedhas
Makhleb
Nemelex Xobeh
Qazlal
Xom
Yredelemnul
Zin
Jiyva

Annotations:
D:3 1 runed translucent door
Lair:5 exclusion: 4 oklob plants
Lair:6 1 runed translucent door, Rupert


Message History

The fire dragon bites you but does no damage.
The fire dragon claws you but does no damage.
You block the fire dragon's attack.
You closely miss Rupert.
Rupert is moderately wounded.
You hit the fire dragon. You freeze the fire dragon. You hit the spiny frog.
The spiny frog seems to slow down.
You freeze the spiny frog. You slash the torpor snail!
You freeze the torpor snail. You slash the black mamba!
You freeze the black mamba.
You feel yourself speed up.
You feel very sick.
The black mamba bites you but does no damage.
You block Rupert's attack.
The black mamba bites you but does no damage.
The spiny frog stings you!
* * * LOW HITPOINT WARNING * * *
You block Rupert's attack. You block the fire dragon's attack.
The fire dragon claws you but does no damage.
The fire dragon tramples you.
You die...

#....#### .
..#
#....#..##....
.
#..#......#.8.
##.......#....
#.....###....
#...###......
####......#
#.Sw.....##
###.♣F...###
#...@D####
#####l#####
#...tt...##
#...D.....#
###.......l..#
###.P.≈≈P#...
♣♣.≈≈♣♣# ..
♣♣≈♣♣


You could see Rupert (berserk), a fire dragon, a swamp dragon, a torpor snail, a
komodo dragon, a black mamba, a spiny frog and 2 crocodiles.

Vanquished Creatures
  A hydra (Lair:5)
  5 death yaks (Lair:6)
  A two-headed ogre (D:6)
  2 catoblepae (Lair:6)
  Urug (Lair:1)
  Sonja (Lair:6)
  A lindwurm (Lair:6)
  2 black mambas
  A merfolk siren (Lair:2)
  5 elephants (Lair:4)
  8 torpor snails
  2 rime drakes
  11 spiny frogs
  9 komodo dragons
  4 tyrant leeches (Lair:6)
  6 hornets (Lair:6)
  8 hippogriffs
  8 dream sheep (Lair:6)
  6 blink frogs
  A shadow (D:7)
  36 yaks
  5 basilisks
  A steam dragon (Lair:6)
  A warg (Lair:2)
  2 nagas (Lair:3)
  2 acid dragons (Lair:6)
  Duvessa (D:5)
  9 porcupines
  25 water moccasins
  3 ice beasts
  A swamp drake (Lair:6)
  A sky beast (D:5)
  A phantom (D:6)
  10 wolves
  5 ogres
  4 centaurs
  13 crocodiles
  Blork the orc (D:4)
  9 bullfrogs
  A scorpion (D:4)
  Dowan (D:5)
  8 killer bees
  A wight (D:7)
  A howler monkey (D:4)
  4 crimson imps
  A centaur zombie (D:5)
  2 bullfrog zombies
  3 jellies
  9 orc wizards
  2 bullfrog skeletons
  An orc priest (D:6)
  4 hounds
  Terence (D:3)
  8 worker ants
  A hound zombie (D:5)
  A hound skeleton (D:7)
  Robin (D:3)
  13 adders
  16 gnolls
  5 shadow imps
  2 oozes
  3 adder skeletons (D:4)
  4 worms
  2 leopard geckos
  21 orcs
  2 ball pythons
  3 bats
  6 giant cockroaches
  12 goblins
  11 hobgoblins
  25 jackals
  2 quokkas (D:3)
  3 frilled lizards
  8 kobolds
  A leopard gecko skeleton (D:4)
  3 leopard gecko zombies
  A quokka zombie (D:5)
  8 rats
  3 bushes
  6 fungi
  11 plants
434 creatures vanquished.

Vanquished Creatures (collateral kills)
  2 hydras
  A hornet (Lair:6)
  A hippogriff (Lair:5)
  A blink frog (Lair:5)
  2 yaks (Lair:6)
  A bush (Lair:1)
8 creatures vanquished.

Vanquished Creatures (others)
  18 fungi
  43 plants
61 creatures vanquished.

Grand Total: 503 creatures vanquished

Notes
Turn   | Place    | Note
-------+----------+-------------------------------------------
     0 | D:1      | kae the Hill Orc Fighter began the quest for the Orb.
     0 | D:1      | Reached XP level 1. HP: 19/19 MP: 1/1
    29 | D:1      | Reached skill level 3 in Axes
    32 | D:1      | Reached XP level 2. HP: 26/26 MP: 2/2
    96 | D:1      | Reached skill level 4 in Axes
   443 | D:1      | Reached XP level 3. HP: 31/31 MP: 3/3
   918 | D:1      | Reached skill level 5 in Axes
  1095 | D:2      | Found a blossoming altar of Fedhas.
  1180 | D:2      | Reached XP level 4. HP: 28/39 MP: 4/4
  1453 | D:2      | Reached skill level 6 in Axes
  1575 | D:3      | Noticed Terence
  1603 | D:3      | Killed Terence
  1994 | D:3      | Found a runed translucent door.
  1994 | D:3      | Noticed a human
  1995 | D:3      | Found a basalt altar of Yredelemnul.
  2019 | D:3      | Found a stormy altar of Qazlal.
  2037 | D:3      | Reached skill level 7 in Axes
  2037 | D:3      | Reached XP level 5. HP: 41/45 MP: 5/5
  2275 | D:3      | Noticed Robin
  2285 | D:3      | Killed Robin
  2681 | D:4      | Reached skill level 8 in Axes
  2681 | D:4      | Reached XP level 6. HP: 51/51 MP: 6/6
  2823 | D:4      | Found a shimmering altar of Xom.
  2823 | D:4      | Found a glowing silver altar of Zin.
  2823 | D:4      | Noticed an angel
  2837 | D:4      | Noticed Blork the orc
  2845 | D:4      | Killed Blork the orc
  2845 | D:4      | Reached skill level 9 in Axes
  2861 | D:4      | Reached XP level 7. HP: 22/57 MP: 4/7
  3163 | D:4      | Reached skill level 10 in Axes
  3231 | D:4      | Reached skill level 11 in Axes
  3383 | D:4      | Reached XP level 8. HP: 60/64 MP: 8/8
  3501 | D:5      | Entered Level 5 of the Dungeon
  3530 | D:5      | Reached skill level 12 in Axes
  3683 | D:5      | Found a white marble altar of Elyvilon.
  3826 | D:5      | Reached skill level 13 in Axes
  3875 | D:5      | Noticed Dowan
  3877 | D:5      | Noticed Duvessa
  3885 | D:5      | Killed Dowan
  3889 | D:5      | Killed Duvessa
  4042 | D:5      | Found a sparkling altar of Nemelex Xobeh.
  4268 | D:6      | Reached skill level 14 in Axes
  4268 | D:6      | Reached XP level 9. HP: 69/70 MP: 9/9
  4485 | D:6      | Found a snail-covered altar of Cheibriados.
  4529 | D:6      | Noticed a two-headed ogre
  4539 | D:6      | Killed a two-headed ogre
  4539 | D:6      | Reached skill level 15 in Axes
  4543 | D:6      | Reached skill level 16 in Axes
  4750 | D:6      | Found a burning altar of Makhleb.
  4826 | D:6      | Became a worshipper of Makhleb the Destroyer
  5034 | D:7      | Reached skill level 5 in Fighting
  5185 | D:7      | Found a staircase to the Ecumenical Temple.
  5406 | D:7      | Reached XP level 10. HP: 74/84 MP: 8/10
  5633 | D:8      | Reached skill level 1 in Invocations
  5714 | D:8      | Reached * piety under Makhleb
  5993 | D:8      | Found a staircase to the Lair.
  7101 | Lair:1   | Entered Level 1 of the Lair of Beasts
  7126 | Lair:1   | Reached skill level 5 in Invocations
  7706 | Lair:1   | Noticed an eight-headed hydra
  7725 | Lair:1   | Noticed a six-headed hydra
  8285 | Lair:2   | Noticed a black mamba
  8295 | Lair:2   | Killed a black mamba
  8443 | Lair:2   | Reached skill level 10 in Invocations
  8443 | Lair:2   | Reached XP level 11. HP: 25/94 MP: 9/18
  8736 | Lair:2   | Reached ** piety under Makhleb
  9466 | Lair:2   | Found a staircase to the Shoals.
 10285 | Lair:3   | Found a staircase to the Snake Pit.
 10359 | Lair:3   | Reached skill level 5 in Armour
 11142 | Lair:1   | Noticed Urug
 11154 | Lair:1   | Killed Urug
 11154 | Lair:1   | Reached XP level 12. HP: 79/101 MP: 15/22
 11702 | Lair:1   | Reached skill level 1 in Dodging
 11840 | Lair:1   | Reached *** piety under Makhleb
 11893 | Lair:1   | Found the +8 whip "Snakebite" {curare, rPois}
 11982 | Lair:1   | Killed an eight-headed hydra
 12324 | Lair:4   | Reached skill level 5 in Dodging
 12346 | Lair:4   | Reached skill level 1 in Evocations
 12621 | Lair:4   | Reached skill level 5 in Evocations
 12622 | Lair:4   | Found a snail-covered altar of Cheibriados.
 13261 | Lair:5   | Noticed a four-headed hydra
 13275 | Lair:5   | Reached XP level 13. HP: 100/107 MP: 20/23
 13449 | Lair:5   | Reached **** piety under Makhleb
 13461 | Lair:5   | You fall into a shaft and drop 1 floor!
 13461 | Lair:6   | Entered Level 6 of the Lair of Beasts
 13461 | Lair:6   | Noticed Sonja
 13624 | Lair:6   | Reached skill level 10 in Fighting
 14115 | Lair:5   | You fall into a shaft and drop 1 floor!
 14522 | Lair:6   | Found a runed translucent door.
 14524 | Lair:6   | Noticed a fire dragon
 14553 | Lair:6   | Killed Sonja
 15266 | Lair:6   | Found a staircase to the Slime Pits.
 15266 | Lair:6   | Found a viscous altar of Jiyva.
 15401 | Lair:6   | Reached XP level 14. HP: 122/130 MP: 21/24
 15519 | Lair:6   | Got a crystal war axe
 15575 | Lair:6   | Noticed Rupert
 15582 | Lair:6   | Paralysed by Rupert for 6 turns
 15592 | Lair:6   | HP: 5/198 [Rupert/+3 battleaxe of freezing (7)]
 15594 | Lair:6   | Slain by a fire dragon

Levels and vault maps discovered:
D:1:      shiori_arrival_oz, layout_basic, bh_walls_and_bars
D:2:      layout_rooms, fedhas_altar_1
D:3:      layout_loops_ring, nicolae_qazlal_general_emergency,
          dk_yredelemnul_ordeal, uniq_robin, uniq_terence
D:4:      layout_rooms, grunt_temple_overflow_order_and_chaos_1, first_ration,
          minmay_starry_boxes, uniq_blork_the_orc
D:5:      layout_gridville, marbit_many_paths, lemuel_coloured_pillars_altar,
          kennysheep_opposing_triangles, uniq_duvessa
D:6:      layout_layer_cave, lemuel_doored_altar, cheibriados_altar_1
D:7:      minmay_slanted_spiral_squares, layout_cave_pools,
          minmay_temple_entry_trees
D:8:      layout_layer_cave, dpeg_oklobed_lair
Lair:1:   minmay_guarded_unrand_snakebite, layout_long_grid, serial_forest,
          infiniplex_forest_clump_long, infiniplex_forest_clump_small,
          infiniplex_forest_end_1, infiniplex_forest_clump_small,
          infiniplex_forest_lined_2, infiniplex_forest_zigzag_1, uniq_urug
Lair:2:   beast_lair_carwin_large_1, layout_gridlike,
          minmay_shoals_entry_lonely_mermaid
Lair:3:   layout_loops_ring, guppyfry_snake_entry_island, serial_bayou_shore_a
Lair:4:   layout_long_grid, chequers_serial_rivers_small_b,
          chequers_serial_rivers_micro_a, kennysheep_snail_temple
Lair:5:   layout_regular_city, lemuel_fruit_fields, grunt_megastairs_5,
          serial_bayou_shore_b, minmay_lair_oklob_chamber
Lair:6:   wormcave, layout_concentric_octagons, guppyfry_lair_end_dragon,
          slime_altar_1, grunt_megastairs_4, uniq_sonja, uniq_rupert

Skill      XL: |  1  2  3  4  5  6  7  8  9 10 11 12 13 14 |
---------------+-------------------------------------------+-----
Axes           | 3 4 5 7 8 9 11 14 16 | 16.5
Fighting       | 6 8 13 14 | 14.0
Invocations    | 10 14 | 14.0
Armour         | 7 8 |  8.1
Dodging        | 5 |  5.0
Evocations     | 6 8 |  8.0
Shields        | |  3.2

Action                   |  1- 3 |  4- 6 |  7- 9 | 10-12 | 13-15 || total
-------------------------+-------+-------+-------+-------+-------++-------
Melee: War axe           |   152 |   100 |       |   262 |       ||   514
       Hand axe          |       |    45 |   249 |    88 |       ||   382
       Broad axe         |       |       |       |   163 |   278 ||   441
Invok: Minor Destruction |       |       |       |   180 |    79 ||   259
       Lesser Servant of |       |       |       |     1 |     3 ||     4
Evoke: Wand              |       |       |       |    11 |       ||    11
  Use: Scroll            |     3 |     4 |     5 |    14 |     9 ||    35
       Potion            |       |     2 |       |       |     6 ||     8
 Stab: Petrified         |       |       |       |       |     6 ||     6
       Distracted        |       |       |       |       |     2 ||     2
  Eat: Chunk             |     1 |     6 |     8 |    20 |     9 ||    44
       Ration            |       |       |       |     1 |       ||     1
Armor: Scale mail        |   100 |    59 |    70 |    96 |       ||   325
       Chain mail        |       |       |       |    54 |   118 ||   172
       Skin              |       |       |       |       |    16 ||    16
Dodge: Dodged            |    52 |    38 |    52 |   129 |    65 ||   336
Block: Shield            |    77 |    67 |    74 |   181 |   112 ||   511

Table legend:
 A = Non-vault XP
 B = Vault XP
 C = Vault XP percentage of total XP
 D = Non-vault monster count
 E = Vault monster count
 F = Vault count percentage of total count
                 A         B        C        D         E       F
            +---------+---------+-------+---------+---------+-------
      Total |   43158 |   15944 |  27.0 |     322 |      99 |  23.5
            +---------+---------+-------+---------+---------+-------
        D:1 |      50 |       2 |   3.8 |      28 |       1 |   3.4
        D:2 |      59 |       0 |   0.0 |      19 |       0 |   0.0
        D:3 |     128 |      63 |  33.0 |      20 |       8 |  28.6
        D:4 |     643 |     285 |  30.7 |      22 |       9 |  29.0
        D:5 |     574 |     535 |  48.2 |      27 |       7 |  20.6
        D:6 |    1884 |       0 |   0.0 |      28 |       0 |   0.0
        D:7 |     350 |     611 |  63.6 |      13 |      12 |  48.0
        D:8 |     977 |       0 |   0.0 |      24 |       0 |   0.0
     Lair:1 |    3981 |    1605 |  28.7 |      15 |       9 |  37.5
     Lair:2 |    6143 |    1479 |  19.4 |      26 |      10 |  27.8
     Lair:3 |    3098 |     326 |   9.5 |      18 |       2 |  10.0
     Lair:4 |    7871 |    1266 |  13.9 |      31 |       3 |   8.8
     Lair:5 |    2675 |    1078 |  28.7 |      10 |       7 |  41.2
     Lair:6 |   14725 |    8694 |  37.1 |      41 |      31 |  43.1
            +---------+---------+-------+---------+---------+-------
